AoeStats
← emreee

Arabia

510059764Analyzed
2v2 RM · 4d ago on Sep 29, 2026· 43m 26s· 4 players
Game mode
Random Map
Map size
Medium (4 player)
Population
200
Speed
Normal
Resources
Standard
Victory
Conquest
Starting age
Dark Age
Ending age
Imperial Age
RankedLock teamsTeams togetherTeam positionsShared explorationLock speedFull tech treeHidden civsTurbo modeCheats
Victory
Defeat
🇹🇷 Magyars · Türkiye
1338
+11
🇹🇷 Tatars · Türkiye
1310
+11
🇫🇷 Varangians · France
1224
-11
🇫🇷 Cumans · France
1209
-11
Don Salluste
2:54 Loom
11:01 Feudal Age
11:32 Double-Bit Axe
11:30 Horse Collar
21:04 Castle Age
20:00 Bloodlines
20:24 Scale Barding Armor
21:27 Forging
22:03 Bow Saw
22:14 Heavy Plow
30:12 Gold Mining
36:10 Scale Mail Armor
35:35 Pikeman
37:49 Chain Mail Armor
Miel
6:36 Loom
9:05 Feudal Age
9:51 Double-Bit Axe
18:00 Horse Collar
19:41 Bloodlines
19:50 Bloodlines
27:54 Castle Age
29:17 Bow Saw
33:50 Gold Mining
34:34 Squires
35:10 Scale Mail Armor
38:58 Wheelbarrow
38:58 Arson
39:24 Gambesons
39:56 Chain Mail Armor
40:16 Fletching
40:07 Elite Skirmisher
40:51 Padded Archer Armor
41:19 Bodkin Arrow
42:18 Leather Archer Armor
Ncxq
4:47 Loom
8:35 Feudal Age
11:14 Horse Collar
16:06 Wheelbarrow
16:00 Double-Bit Axe
21:36 Castle Age
20:47 Bloodlines
20:46 Scale Barding Armor
22:48 Chain Barding Armor
21:51 Light Cavalry
23:07 Husbandry
23:38 Town Watch
29:59 Bow Saw
32:47 Fletching
32:58 Padded Archer Armor
36:01 Imperial Age
33:27 Gold Mining
35:22 Bodkin Arrow
35:43 Leather Archer Armor
36:46 Bracer
37:14 Parthian Tactics
38:50 Ring Archer Armor
39:04 Gold Shaft Mining
39:51 Ballistics
40:31 Chemistry
40:19 Thumb Ring
41:30 Recurve Bow
41:35 Corvinian Army
40:58 Elite Magyar Huszar
41:50 Stone Mining
42:12 Heavy Cavalry Archer
emreee
6:26 Loom
9:21 Feudal Age
10:11 Double-Bit Axe
13:45 Horse Collar
18:18 Wheelbarrow
21:16 Castle Age
19:43 Scale Barding Armor
20:53 Bloodlines
25:19 Town Watch
30:43 Forging
36:09 Chain Barding Armor
36:42 Husbandry
38:00 Iron Casting
40:01 Bow Saw
43:21 Heavy Plow
Connection lost

Rejoining the realm…

Still unreachable

The connection could not be restored.

Session expired

The server has moved on; the page needs a fresh start.